 Dungeon Crawl Stone Soup version 0.31-b1-17-gcfd88c8481 (webtiles) character file.

Game seed: 280030661140438332

2 Esekla the Sneak (level 1, 14/16 HPs)
             Began as an Octopode Delver on Jan 15, 2024.
             Quit the game on level 5 of the Dungeon.
             The game lasted 00:00:35 (58 turns).

Esekla the Sneak (Octopode Delver)                    Turns: 58, Time: 00:00:36

Health: 14/16      AC:  1    Str: 11    XL:     1   Next: 30%
Magic:  1/1        EV: 13    Int: 12    God:
Gold:   0          SH:  0    Dex: 13    Spells: 0/0 levels left

rFire   . . .        a - +0 falchion
rCold   . . .        (no shield)
rNeg    . . .        (helmet restricted)
rPois   .            (no amulet)
rElec   .            (no ring)
rCorr   .            (no ring)
SInv    .            (no ring)
Will    .....        (no ring)
Stlth   ++++         (no ring)
HPRegen 0.22/turn    (no ring)
MPRegen 0.07/turn    (no ring)
                     (no ring)

%: no passive effects
@: no status effects
A: almost no armour, amphibious, 8 rings, camouflage 1, gelatinous body 1,
(nimble swimmer 1), tentacles
a: no special abilities


You were on level 5 of the Dungeon.
You visited 1 branch of the dungeon, and saw 1 of its levels.

Inventory:

Hand Weapons
 a - a +0 falchion (weapon)
Wands
 f - a wand of digging (3)
Scrolls
 b - a scroll of fog
 c - a scroll of blinking {unknown}
 d - a scroll of fear
Potions
 e - a potion of haste


   Skills:
 + Level 3.0 Fighting
 + Level 2.0 Long Blades
 + Level 2.0 Dodging
 + Level 6.7 Stealth


You couldn't memorise any spells.
You didn't know any spells.
Your spell library was empty.

Dungeon Overview and Level Annotations

Branches:
Dungeon (5/15)
 Temple: D:4-7

Altars:
Fedhas
Zin


Innate Abilities, Weirdness & Mutations

You cannot wear most types of armour.
You are amphibious.
You can wear up to eight rings at the same time.
Your skin changes colour to match your surroundings (Stealth+).
Your rubbery body absorbs attacks. (AC +1, EV +1)
((You are camouflaged when in or above water. (Stealth+)))
You have tentacles for arms and can constrict up to eight enemies at once.


Message History

Found a stone staircase leading down.
An orc comes into view. It is wielding a +0 war axe.
You open the door.
The orc shouts!
You hear a shout!
Found a glowing silver altar of Zin.
The orc closely misses you.
There is an open door here.
The orc attacks as it pursues you! The orc barely misses you.
The orc attacks as it pursues you! The orc hits you with a +0 war axe.
The orc attacks as it pursues you! The orc closely misses you.
You closely miss the orc. You grab the orc. You constrict the orc.
The orc hits you with a +0 war axe!
Ouch! That really hurt!
You hit the orc but do no damage. You squeeze the orc, but do no damage.
The orc is lightly wounded.
You constrict the orc. The orc barely misses you.
You hit the orc.
The orc is severely wounded.
You constrict the orc. The orc hits you with a +0 war axe.
You hit the orc.
You kill the orc!
You see here a +0 war axe.
As you read the scroll of revelation, it crumbles to dust.
You feel aware of your surroundings.
You sensed 1 altar. 2 orcs come into view.
Unknown command.
There is a glowing silver altar of Zin here.
You open the door.
There is an open door here.
Found a ring mail.
You open the door.
Found a scroll labelled LUECUN QYSEIR.
There is an open door here.
c - a scroll labelled LUECUN QYSEIR You open the door.
A shadow imp comes into view.
Found a blossoming altar of Fedhas.
There is an open door here.
You close the door.
Are you sure you want to abandon this character and quit the game? (Confirm with "yes".)

,,,,,*,,#..........[#.........*
*,,,**,,######..##..##........#*
******,,**,,##..######.........*
,,,,**,,**,,#...'...##..#######*
,,,,,,,,,,,,#...#....#...*
*,,,,,,,**,,##.###..##...*
*+****,,*##+##.###..#*,,**
*,,>**,,*#..........#,,,**
,,,,**,,*#......@...#,,,,*
*,,,,,,,*#..##+######*,<,*
*,,,,,,,**..*#.#**<,**,,,*
,,,,,,,,,,,,*...*,,,,,,,,*
,,,,,,,,,,,,#5...,,,,,,,,*
******,,***,##..≈≈~,,*,,,*
**,,***+***,*#.≈≈≈≈~,*,,,*
,,,,,,,,,,,,,..≈≈_≈≈,,,,,*
,,,,,,,,,,,,,..≈≈.≈≈.,,,,*


There were no monsters in sight!

Vanquished Creatures
  An orc (D:5)
1 creature vanquished.

Notes
Turn   | Place    | Note
-------+----------+-------------------------------------------
     0 | D:5      | Esekla the Octopode Delver began the quest for the Orb.
     0 | D:5      | Reached XP level 1. HP: 16/16 MP: 1/1
     8 | D:5      | Found a glowing silver altar of Zin.
    54 | D:5      | Found a blossoming altar of Fedhas.
    58 | D:5      | Quit the game

Illustrated notes

Levels and vault maps discovered:
D:5:      layout_gridville, mainiacjoe_overflow_surrounded_room,
          mainiacjoe_overflow_catwalk, kennysheep_generic_room_4

Action                     || total
---------------------------++-------
  Melee: Falchion          ||     4
         Constrict         ||     1
         Tentacles         ||     1
    Use: Scroll            ||     1
 Armour: Skin              ||     3
  Dodge: Dodged            ||     4
